 Dungeon Crawl Stone Soup version 0.27-a0-1147-gb3d8e82157 (webtiles) character file.

Game seed: 3293114288525091701

324 Feb132020 the Magician (level 6, 15/28 HPs)
             Began as a Spriggan Earth Elementalist on May 10, 2021.
             Quit the game on level 5 of the Dungeon on May 11, 2021.
             The game lasted 00:18:40 (5115 turns).

Feb132020 the Magician (SpEE)                       Turns: 5115, Time: 00:18:40

Health: 15/28      AC:  4    Str:  4    XL:     6   Next: 23%
Magic:  14/14      EV: 18    Int: 17    God:
Gold:   132        SH:  0    Dex: 17    Spells: 11/14 levels left

rFire    . . .     SeeInvis +   a - +0 short sword
rCold    . . .     Faith    .   (shield restricted)
rNeg     . . .     Spirit   .   c - +1 robe
rPois    .         Reflect  .   (helmet restricted)
rElec    .         Harm     .   k - +0 cloak
rCorr    .         Rampage  .   (gloves unavailable)
Will     +....                  (boots unavailable)
Stlth    +++.......             (no amulet)
HPRegen  0.09/turn              (no ring)
MPRegen  0.14/turn              (no ring)

@: very quick
A: very small, no large weapons, unfitting armour, see invisible, speed 3
a: no special abilities


You were on level 5 of the Dungeon.
You visited 1 branch of the dungeon, and saw 5 of its levels.

You collected 182 gold pieces.
You spent 50 gold pieces at shops.

Inventory:

Hand Weapons
 a - a +0 short sword (weapon)
Missiles
 b - 7 stones
Armour
 c - a +1 robe (worn)
 k - a +0 cloak (worn)
Jewellery
 s - an amulet of magic regeneration
 t - an amulet of guardian spirit
Wands
 m - a wand of iceblast (8)
Scrolls
 f - 2 scrolls of enchant armour
 g - 2 scrolls of vulnerability
 h - a scroll of identify
 j - a scroll of fear
 o - a scroll of blinking
 p - a scroll of immolation {unknown}
 q - a scroll of acquirement {unknown}
Potions
 d - a potion of mutation {unknown}
 e - 2 potions of cancellation
 i - 2 potions of brilliance
 l - a potion of heal wounds {unknown}
 n - a potion of attraction {unknown}
 r - a potion of curing {unknown}


   Skills:
 + Level 2.8 Short Blades
 + Level 3.8 Dodging
 + Level 4.3 Stealth
 + Level 4.7 Spellcasting
 + Level 3.2 Transmutations
 + Level 3.6 Earth Magic


You had 11 spell levels left.
You knew the following spells:

 Your Spells              Type           Power      Damage    Failure   Level
a - Sandblast             Erth           32%        2d9       3%          1
p - Passwall              Tmut/Erth      12%        N/A       5%          2

Your spell library contained the following spells:

 Spells                   Type           Power      Damage    Failure   Level
 Searing Ray              Conj           8%         3d3       22%         2
 Stone Arrow              Conj/Erth      20%        3d8       22%         3
 Petrify                  Tmut/Erth      15%        N/A       34%         4
 Lee's Rapid Deconstruct  Erth           8%         3d8*      67%         5
 Iskenderun's Mystic Bla  Conj/Tloc      4%         2d3       82%         4
 Iskenderun's Battlesphe  Conj           4%         2d6       99%         5
 Starburst                Conj/Fire      2%         8x6d3     100%        6


Dungeon Overview and Level Annotations

Branches:
Dungeon (5/15)
 Temple: D:4-7

Altars:
Hepliaklqana
Ru

Shops:
D:1 **(   D:3 (


Innate Abilities, Weirdness & Mutations

You are very small and have problems with some larger weapons.
You are too small for most types of armour.
You have supernaturally acute eyesight. (SInv)
You cover ground extremely quickly. (Speed+++)


Message History

Welcome back, Feb132020 the Spriggan Earth Elementalist.
Press ? for a list of commands and other information.
Okay, then.
(D) Dungeon
Where to? (? - help)
There is a stone staircase leading down here.
You climb downwards.
Found a pair of shimmering gloves.
There is a stone staircase leading up here.
Found a stone staircase leading down.
There is a stone staircase leading down here.
An iguana comes into view.
Found a short sword.
Found a blue potion.
Found a leather armour.
An iguana comes into view.
The iguana hisses angrily.
You see here a blue potion.
r - a blue potion An iguana comes into view.
Found a shiny silver wand and 16 gold pieces.
Found a dented diamond amulet.
Found a hunting sling.
Cast which spell? (? or * to list)
Aiming: Passwall (safe; 5% risk of failure)
Press: ? - help, Dir - move target A rock wall.
You begin to meditate on the wall.
You continue meditating on the rock. x2
You finish merging with the rock.
Found 20 gold pieces and a square sapphire amulet.
You hit the iguana but do no damage. The iguana completely misses you.
The iguana bites you!
Ouch! That really hurt!
You see here an amulet of magic regeneration.
s - an amulet of magic regeneration The iguana hisses menacingly.
The iguana barely misses you.
You see here an amulet of guardian spirit.
t - an amulet of guardian spirit Are you sure you want to abandon this character and quit the game? (Confirm with "yes".)

...#..... #.......
#..#....
#####.......
#...........
#...........
#......#....
##########....#....
#.@.....8..##......
#.⌠8.......####....
#.8#######.###...##
#..#....$/.....#..#
#8l#.......#).###..
#.l#.........## #.
#....l...$..##
#..........##
#...........##


You could see 2 iguanas.

Vanquished Creatures
  An ogre (D:4)
  A centaur zombie (D:4)
  A jelly (D:4)
  Ijyb (D:3)
  A hound skeleton (D:4)
  4 adders
  3 worms
  2 dart slugs (D:1)
  An orc (D:4)
  8 endoplasms
  3 giant cockroaches
  8 goblins
  4 hobgoblins
  2 jackals (D:4)
  8 kobolds
  10 quokkas
  10 ball pythons
  4 bats
  5 frilled lizards
  4 rats
81 creatures vanquished.

Vanquished Creatures (others)
  An endoplasm (D:3)
1 creature vanquished.

Grand Total: 82 creatures vanquished

Notes
Turn   | Place    | Note
-------+----------+-------------------------------------------
     0 | D:1      | Feb132020 the Spriggan Earth Elementalist began the quest
                  | for the Orb.
     0 | D:1      | Reached XP level 1. HP: 9/9 MP: 5/5
    14 | D:1      | Found a faded altar of an unknown god.
   254 | D:1      | Found Ytuth's Weapon Emporium.
   279 | D:1      | Reached XP level 2. HP: 11/13 MP: 7/7
   326 | D:1      | Learned a level 2 spell: Passwall
   353 | D:1      | Identified the Volume of Confrontation
   412 | D:1      | Found Ecitout's Assorted Antiques.
   837 | D:1      | Found Kawnuesm's General Store.
  1460 | D:2      | Reached XP level 3. HP: 14/16 MP: 5/9
  1982 | D:1      | Bought a scroll labelled FAOTHR GAJENOW for 25 gold pieces
  1982 | D:1      | Bought a scroll labelled BOSOYJOUNUXT for 25 gold pieces
  2376 | D:2      | Reached skill level 1 in Short Blades
  2789 | D:3      | Found Ruficoo's Antique Weapon Emporium.
  2816 | D:3      | Reached XP level 4. HP: 21/21 MP: 10/10
  3260 | D:3      | Found a large runed translucent door.
  3264 | D:3      | Found a large runed translucent door.
  3526 | D:3      | Found a sacrificial altar of Ru.
  3526 | D:3      | Noticed Ijyb
  3529 | D:3      | Found a hazy altar of Hepliaklqana.
  3543 | D:3      | Killed Ijyb
  3991 | D:4      | Reached XP level 5. HP: 23/24 MP: 12/12
  4673 | D:4      | Noticed an ogre
  4692 | D:4      | Killed an ogre
  4693 | D:4      | Reached XP level 6. HP: 28/28 MP: 9/14
  5013 | D:4      | Upgraded the game from 0.27-a0-1140-g099f9bb0e8 to
                  | 0.27-a0-1147-gb3d8e82157
  5039 | D:5      | Entered Level 5 of the Dungeon
  5115 | D:5      | Quit the game

Illustrated notes

Levels and vault maps discovered:
D:1:      ebering_trefoil_twist, layout_loops_ring,
          ebering_ecumenical_altar_box, serial_shops, shop, shop, shop,
          minmay_misc_feat_plants
D:2:      layout_basic
D:3:      layout_loops_ring, jmf_multi_god_temple2, serial_shops, shop,
          uniq_ijyb
D:4:      layout_loops_cross, hangedman_decor_clover_reticule
D:5:      layout_rooms, general_overflow_altar, nicolae_ashenzari_panopticon,
          nemelex_diamond_rough_becter, bloody_makhleb,
          chequers_decorated_corner, uniq_grinder

Skill      XL: |  1  2  3  4  5 |
---------------+----------------+-----
Spellcasting   | 3 4 |  4.7
Earth Magic    | 3 |  3.6
Dodging        | 3 |  3.8
Short Blades   | 1 2 |  2.8
Transmutations | 2 3 |  3.2
Stealth        | 4 |  4.3

Action                   |  1- 3 |  4- 6 || total
-------------------------+-------+-------++-------
Melee: Short sword       |   127 |   105 ||   232
 Cast: Sandblast         |    20 |    27 ||    47
       Passwall          |       |     1 ||     1
  Use: Scroll            |     2 |     4 ||     6
 Stab: Sleeping          |     7 |     6 ||    13
Armor: Robe              |     9 |    17 ||    26
Dodge: Dodged            |    96 |    84 ||   180

Table legend: (Time is in decaauts)
 A = Elapsed time spent in this place.
 B = Non-inter-level travel time spent in this place.
 C = Inter-level travel time spent in this place.
 D = Time resting spent in this place.
 E = Time spent auto-exploring this place.
 F = Levels seen in this place.
 G = Mean time per level.
                   A        B        C        D        E       F      G
               +--------+--------+--------+--------+--------+-----+--------+
         Total |   4146 |   3989 |    157 |     72 |   3290 |   5 |  829.2 |
       Dungeon |   4146 |   3989 |    157 |     72 |   3290 |   5 |  829.2 |
               +--------+--------+--------+--------+--------+-----+--------+

Top non-repeatable levels by time:
     D:1: 1243 daAuts
     D:3: 1027 daAuts
     D:2: 1024 daAuts
     D:4: 802 daAuts
     D:5: 48 daAuts
